 Dungeon Crawl Stone Soup version 0.26-a0-466-g989023bd0d (webtiles) character file.

Game seed: 1605445754648877696

472 DeltaSign the Chopper (level 6, 0/56 HPs)
             Began as a Minotaur Berserker on July 30, 2020.
             Was an Elder of Trog.
             Succumbed to a kobold's poison
             ... on level 4 of the Dungeon.
             The game lasted 00:06:51 (3433 turns).

DeltaSign the Chopper (Minotaur Berserker)          Turns: 3433, Time: 00:06:52

Health: 0/56       AC: 12    Str: 22    XL:     6   Next: 83%
Magic:  5/5        EV:  8    Int:  4    God:    Trog [****..]
Gold:   224        SH:  0    Dex: 11    Spells: 5/5 levels left

rFire    . . .     SeeInvis .   a - +0 hand axe
rCold    + . .     Faith    .   (no shield)
rNeg     . . .     Spirit   .   p - +0 plate armour
rPois    .         Reflect  .   (helmet restricted)
rElec    .         Harm     .   (no cloak)
rCorr    .                      (no gloves)
MR       .....                  (no boots)
Stlth    ..........             i - amulet of magic regeneration
HPRegen  0.18/turn              s - ring of protection from cold
MPRegen  0.34/turn              (no ring)

@: lethally poisoned (0 -> -1), berserk cooldown, slowed, very slow
A: retaliatory headbutt, horns 2
a: Berserk, Trog's Hand, Brothers in Arms, Renounce Religion


You were on level 4 of the Dungeon.
You worshipped Trog.
Trog was greatly pleased with you.
You visited 1 branch of the dungeon, and saw 4 of its levels.
You visited the Abyss 1 time.

You collected 224 gold pieces.

Inventory:

Hand Weapons
 a - a +0 hand axe (weapon)
Armour
 p - a +0 plate armour (worn)
Jewellery
 i - an amulet of magic regeneration (around neck)
 s - a ring of protection from cold (left hand)
Wands
 u - a wand of paralysis (12)
Scrolls
 b - 2 scrolls of remove curse
 d - a scroll of immolation
 f - 4 scrolls of blinking
 h - a scroll of enchant armour
 k - a scroll of magic mapping {unknown}
 l - 3 scrolls of amnesia
 n - 3 scrolls of teleportation
 o - a scroll of fear {unknown}
Potions
 c - a potion of mutation {unknown}
 e - a potion of invisibility {unknown}
 g - a potion of resistance {unknown}
 j - a potion of haste {unknown}
 m - 2 potions of flight {unknown}
 q - a potion of heal wounds {unknown}
 r - a potion of berserk rage {unknown}
 t - 2 potions of cancellation {unknown}
 v - a potion of lignification {unknown}


   Skills:
 + Level 5.3 Fighting
 * Level 6.5 Axes
 + Level 4.4 Armour
 + Level 4.0 Dodging


You had 5 spell levels left.
You didn't know any spells.
Your spell library was empty.

Dungeon Overview and Level Annotations

Branches:
Dungeon (4/15)
 Temple: D:4-7

Altars:
Trog

Annotations:
D:4 1 runed translucent door, Crazy Yiuf


Innate Abilities, Weirdness & Mutations

You reflexively headbutt those who attack you in melee.
You have a pair of horns on your head.


Message History

The big kobold hits something but does no damage.
You rip the net and break free!
You hear some strange, mumbled words.
A magic dart appears from out of thin air!
The magic dart hits you but does no damage.
Something hits you but does no damage.
The leopard gecko bites something but does no damage.
The orc throws a stone.
The stone hits you.
* * * LOW HITPOINT WARNING * * *
The kobold hits something but does no damage.
The rat bites something.
The orc priest mumbles some strange prayers to Beogh against you.
Something writhes in agony!
The rat bites something but does no damage.
The big kobold hits something but does no damage.
Something hits you but does no damage.
The leopard gecko bites something but does no damage.
The orc throws a stone.
You miss something. Your headbutt misses something.
You die...

#..##............#
## #
#..##.###.....####
#.#..##.###.#.#.#
#...........#.#.#
####.########.#.#
#.##### #.#.#
#....(# #.#<#
#.###.# #.#.# ###
#@# ###.# #{#
#.#########


ooK ##.........# rrKlK #..#######.# .÷...÷≈ #..# #.# ♣...§...♣#..# #.#
♣.......P#..# #.# ##.....P♣#..#######.# #.......##.# You could see a big kobold,
an orc priest, an orc, a leopard gecko, 2 kobolds and 2 rats.

Vanquished Creatures
  An ogre (D:4)
  A howler monkey (D:4)
  2 hounds (D:4)
  2 orc priests
  2 worker ants (D:4)
  Robin (D:4)
  3 adders
  2 oozes (D:3)
  An adder skeleton (D:4)
  6 worms
  2 dart slugs
  A leopard gecko (D:3)
  10 orcs
  6 giant cockroaches
  15 goblins
  9 hobgoblins
  7 jackals (D:1)
  2 quokkas
  A ball python (D:2)
  A ball python skeleton (D:4)
  10 bats
  9 frilled lizards
  10 kobolds
  A leopard gecko zombie (D:3)
  6 rats
111 creatures vanquished.

Vanquished Creatures (others)
  An adder skeleton (D:4)
  A plant (D:4)
2 creatures vanquished.

Grand Total: 113 creatures vanquished

Notes
Turn   | Place    | Note
-------+----------+-------------------------------------------
     0 | D:1      | DeltaSign the Minotaur Berserker began the quest for the
                  | Orb.
     0 | D:1      | Reached XP level 1. HP: 19/19 MP: 0/0
   295 | D:1      | Reached XP level 2. HP: 25/27 MP: 1/1
   328 | D:1      | Reached skill level 4 in Axes
   771 | D:2      | Reached ** piety under Trog
   807 | D:2      | Reached XP level 3. HP: 33/33 MP: 2/2
  1457 | D:3      | Reached XP level 4. HP: 40/40 MP: 3/3
  1604 | D:3      | Reached *** piety under Trog
  1711 | D:3      | Reached skill level 5 in Axes
  2184 | D:3      | Reached XP level 5. HP: 47/47 MP: 4/4
  2191 | D:3      | Found a bloodstained altar of Trog.
  2323 | D:4      | Noticed Robin
  2358 | D:4      | Cast into level 1 of the Abyss (Robin)
  2402 | Abyss:1  | Noticed a small abomination
  2403 | Abyss:1  | Noticed a wretched star
  2406 | D:4      | Escaped the Abyss
  2414 | D:4      | Killed Robin
  2625 | D:4      | Noticed an ogre
  2636 | D:4      | Killed an ogre
  2636 | D:4      | Reached skill level 5 in Fighting
  2636 | D:4      | Reached skill level 6 in Axes
  2636 | D:4      | Reached XP level 6. HP: 53/56 MP: 5/5
  3261 | D:4      | Found a runed translucent door.
  3262 | D:4      | Noticed Crazy Yiuf
  3419 | D:4      | Reached **** piety under Trog
  3431 | D:4      | HP: 2/56 [orc priest/divine providence (12)]
  3433 | D:4      | Succumbed to a kobold's poison

Illustrated notes

Levels and vault maps discovered:
D:1:      psy_arrival_dodecagon, layout_basic
D:2:      layout_basic, minmay_pentomino_r2
D:3:      minmay_angry_zag, layout_loops_corners, trog_three_pillars_becter
D:4:      layout_loops_ring, lexackson_kobold_supper, uniq_robin,
          uniq_crazy_yiuf_cottage

Skill      XL: |  1  2  3  4  5  6 |
---------------+-------------------+-----
Axes           | 4 5 6 |  6.5
Fighting       | 4 5 |  5.3
Armour         | 3 4 |  4.4
Dodging        | 3 4 |  4.0

Action                   |  1- 3 |  4- 6 || total
-------------------------+-------+-------++-------
Melee: Hand axe          |   114 |   149 ||   263
       Headbutt          |    16 |    29 ||    45
Invok: Berserk           |       |     4 ||     4
  Use: Scroll            |       |     6 ||     6
Armor: Chain mail        |    59 |       ||    59
       Animal skin       |     1 |       ||     1
       Plate armour      |    13 |   108 ||   121
Dodge: Dodged            |    39 |    64 ||   103

Table legend: (Time is in decaauts)
 A = Elapsed time spent in this place.
 B = Non-inter-level travel time spent in this place.
 C = Inter-level travel time spent in this place.
 D = Time resting spent in this place.
 E = Time spent auto-exploring this place.
 F = Levels seen in this place.
 G = Mean time per level.
                   A        B        C        D        E       F      G
               +--------+--------+--------+--------+--------+-----+--------+
         Total |   3481 |   3351 |    130 |    304 |   2384 |   5 |  696.2 |
       Dungeon |   3426 |   3296 |    130 |    304 |   2384 |   4 |  856.5 |
         Abyss |     55 |     55 |      0 |      0 |      0 |   1 |   55.0 |
               +--------+--------+--------+--------+--------+-----+--------+

Top non-repeatable levels by time:
     D:3: 1348 daAuts
     D:4: 847 daAuts
     D:1: 701 daAuts
     D:2: 530 daAuts
 Abyss:1: 55 daAuts
